 Dungeon Crawl Stone Soup version 0.17-a0-1545-gc1bb672 (webtiles) character file.

722 Lathuz the Cudgeler (level 7, -1/44 HPs)
             Began as a Gargoyle Fighter on July 18, 2015.
             Killed by nerve-wracking pain
             ... invoked by Grinder
              (14 damage)
             ... on level 5 of the Dungeon.
             The game lasted 00:12:56 (5216 turns).

Lathuz the Cudgeler (Gargoyle Fighter)              Turns: 5216, Time: 00:12:56

Health: -1/44      AC: 12    Str: 19    XL:     7   Next: 71%
Magic:  7/7        EV:  7    Int:  9    God:
Gold:   95         SH:  9    Dex: 11    Spells: 0 memorised, 6 levels left

rFire  . . .     SeeInvis .     a - +0 flail
rCold  . . .     Clarity  .     b - +0 scale mail
rNeg   + . .     SustAt   .     c - +0 shield
rPois  ∞         Gourm    .     (no helmet)
rElec  +         Spirit   .     i - +0 cloak
rCorr  .         Warding  .     (no gloves)
rMut   .         Stasis   .     (no boots)
MR     .....                    (no amulet)
Stlth  +.........               (no ring)
                                u - ring of stealth

@: not resistant to hostile enchantments, very unstealthy
A: negative energy resistance 1, electricity resistance, unbreathing,
petrification resistance, rot immunity, AC +4
a: no special abilities


You were on level 5 of the Dungeon.
You were hungry.

You visited 1 branch of the dungeon, and saw 5 of its levels.

You collected 95 gold pieces.

Inventory:

Hand weapons
 a - a +0 flail (weapon)
Missiles
 g - 106 stones (quivered)
Armour
 b - a +0 scale mail (worn)
 c - a +0 shield (worn)
 i - a +0 cloak (worn)
Jewellery
 u - a ring of stealth (left hand)
 D - an uncursed ring of poison resistance {unknown}
Magical devices
 v - a wand of frost (13)
Scrolls
 k - 4 scrolls of teleportation {unknown}
 l - 3 scrolls of identify {unknown}
 m - 2 scrolls of remove curse {unknown}
 q - a scroll of fear {unknown}
 y - a scroll of enchant armour {unknown}
 z - a scroll of fog {unknown}
 A - a scroll of immolation {unknown}
 B - a scroll of enchant weapon {unknown}
Potions
 d - a potion of might
 h - a potion of lignification {unknown}
 j - 2 potions of degeneration {unknown}
 o - 2 potions of curing {unknown}
 p - a potion of cure mutation {unknown}
 r - 3 potions of magic {unknown}
 s - a potion of heal wounds {unknown}
 t - a potion of mutation {unknown}
Comestibles
 e - 4 bread rations
 f - 2 beef jerkies
 n - 2 meat rations
 w - 4 fruits
 x - 2 royal jellies


   Skills:
 + Level 4.8 Fighting
 * Level 7.8 Maces & Flails
 - Level 3.2 Armour
 - Level 3.2 Shields


You had 6 spell levels left.
You didn't know any spells.

Dungeon Overview and Level Annotations

Branches:
Dungeon (5/15)
 Temple: D:4-7

Altars:
Gozag
Kikubaaqudgha
Nemelex Xobeh
The Shining One

Annotations:
D:5 Grinder


Innate Abilities, Weirdness & Mutations

You are resistant to torment.
Your stone body is resilient (AC +4).
You are immune to poison.
You resist negative energy.
You are resistant to electric shocks.
You can survive without breathing.
You are immune to petrification.
You are immune to rotting.


Message History

Grinder gestures.
Grinder blinks!
Grinder gestures at you. You resist with significant effort.
You can move again.
Throwing (i - inventory):
g - 108 stones (quivered)
Press: ? - help, Shift-Dir - straight line, f/p - Grinder
Aim: Grinder (heavily wounded)
You throw a stone.
The stone hits Grinder but does no damage.
Grinder is heavily wounded.
Throwing (i - inventory):
g - 107 stones (quivered)
Press: ? - help, Shift-Dir - straight line, f/p - Grinder
Aim: Grinder (heavily wounded)
You throw a stone.
The stone hits Grinder but does no damage.
Grinder is heavily wounded.
Grinder gestures at you. Pain shoots through your body!
You die...

#..............###...
#....................
#........##.........# ..
#.......## ##.......#
..(###......## ###........
.(...(..÷.#.###..###.......
......................####.
..(...((.............# #.
...(.<..((@(((...(... #.
..(.....(........... #.
#...........(..... #.
......(...5....... #.
##(.(............ ##.
##.............. ...
#.............. ....
............... ..#. ##


You could see Grinder.

Vanquished Creatures
  A sky beast (D:4)
  2 scorpions
  A centaur zombie (D:5)
  4 orc wizards
  2 centaur skeletons
  2 hounds (D:4)
  A worker ant (D:5)
  A hound zombie (D:4)
  11 adders
  A shadow imp (D:5)
  An ooze (D:3)
  4 worms
  3 giant geckos
  15 orcs
  9 bats
  A bat skeleton (D:5)
  3 giant cockroaches
  6 goblins
  8 hobgoblins
  4 jackals (D:3)
  A quokka (D:4)
  2 ball pythons
  5 giant newts
  10 kobolds
  7 rats
105 creatures vanquished.

Notes
Turn   | Place    | Note
--------------------------------------------------------------
     0 | D:1      | Lathuz the Gargoyle Fighter began the quest for the Orb.
     0 | D:1      | Reached XP level 1. HP: 14/14 MP: 1/1
   178 | D:1      | Reached XP level 2. HP: 19/19 MP: 2/2
  1089 | D:2      | Reached XP level 3. HP: 21/23 MP: 3/3
  1278 | D:2      | Found an opulent altar of Gozag.
  1666 | D:3      | Reached skill level 4 in Maces & Flails
  1670 | D:3      | Reached XP level 4. HP: 20/28 MP: 4/4
  1846 | D:3      | Reached skill level 5 in Maces & Flails
  1846 | D:3      | Reached XP level 5. HP: 22/32 MP: 5/5
  2734 | D:3      | Reached skill level 6 in Maces & Flails
  2750 | D:3      | Found a faded altar to an unknown god.
  2788 | D:3      | Found an ancient bone altar of Kikubaaqudgha.
  2842 | D:3      | Noticed a scorpion
  2851 | D:3      | Killed a scorpion
  2851 | D:3      | Reached XP level 6. HP: 35/37 MP: 6/6
  3374 | D:4      | Reached skill level 7 in Maces & Flails
  3629 | D:4      | Found a sparkling altar of Nemelex Xobeh.
  3891 | D:4      | Reached XP level 7. HP: 42/42 MP: 7/7
  4510 | D:4      | Found a glowing golden altar of the Shining One.
  4696 | D:5      | Entered Level 5 of the Dungeon
  5131 | D:5      | Noticed Grinder
  5168 | D:5      | Paralysed by Grinder for 6 turns
  5177 | D:5      | Paralysed by Grinder for 5 turns
  5209 | D:5      | Paralysed by Grinder for 6 turns
  5216 | D:5      | Killed from afar by Grinder

Vault maps used:
D:1:      lightli_arrival_chessboard
D:2:      grunt_gozag_breadcrumbs
D:3:      nicolae_overflow_crystal_walls, ecumenical_altar_2, first_bread,
          minivault_11
D:4:      nicolae_overflow_hidden_temple, nemelex_deck
D:5:      old_standard_altar, uniq_grinder

Action                   |  1- 3 |  4- 6 |  7- 9 || total
-------------------------+-------+-------+-------++-------
Melee: Flail             |   108 |   272 |   130 ||   510
Throw: Stone             |    52 |   122 |    55 ||   229
  Eat: Chunk             |     2 |     8 |     4 ||    14
